PUB
EDMONTON TRAPPERS @ REDWOOD PIONEERS
05/27/1972
 
TOP OF THE 1ST
Edmonton Trappers batting - Pitching for Redwood Pioneers : RHP Tim McQueen
Pitching: RHP Tim McQueen
Batting: RHB Simon Decker 0-0: Ball
1-0: Foul Ball, location: 2F
1-1: Foul Ball, location: 3F
1-2: Ball
2-2: Foul Ball, location: 2F
2-2: Strikes out swinging
Batting: RHB Nick Young 0-0: Called Strike
0-1: SINGLE (Line Drive, 34, EV 94.4 MPH)
Batting: LHB Emílio Martínez 0-0: Called Strike
0-1: Ball
1-1: Foul Ball, location: 2F
1-2: Fly out, F7 (Line Drive, 78S, EV 85.0 MPH)
Batting: LHB Dave Clark 0-0: Foul Ball, location: 2F
0-1: Called Strike
0-2: Ground out 4-3 (Groundball, 34, EV 97.5 MPH)
Top of the 1st over - 0 runs, 1 hit, 0 errors, 1 left on base; Edmonton 0 - Redwood 0
BOTTOM OF THE 1ST
Redwood Pioneers batting - Pitching for Edmonton Trappers : RHP Bill Gray
Pitching: RHP Bill Gray
Batting: LHB Bobby Murcer 0-0: Ball
1-0: Called Strike
1-1: Ball
2-1: Ball
3-1: Foul Ball, location: 9LDF
3-2: Base on Balls
Batting: RHB Alfredo Nannini 0-0: Swinging Strike
0-1: Ball
1-1: Fielders Choice at 2nd, 6-4 (Groundball, 6M, EV 94.4 MPH)
Batting: LHB Jerry Gregory 0-0: Called Strike
0-1: Called Strike
0-2: Ball
1-2: Foul Ball, location: 7LDF
1-2: Ball
2-2: Strikes out swinging
Batting: RHB José Moya 0-0: Called Strike
0-1: Called Strike
0-2: Strikes out swinging
Bottom of the 1st over - 0 runs, 0 hits, 0 errors, 1 left on base; Edmonton 0 - Redwood 0
TOP OF THE 2ND
Edmonton Trappers batting - Pitching for Redwood Pioneers : RHP Tim McQueen
Batting: RHB Dax Owen 0-0: Called Strike
0-1: Called Strike
0-2: Foul Ball, location: 2F
0-2: Ball
1-2: Foul Ball, location: 5FF
1-2: Ground out 6-3 (Groundball, 6, EV 98.8 MPH)
Batting: LHB Gary Hays 0-0: Called Strike
0-1: Called Strike
0-2: Ball
1-2: Foul Ball, location: 23F
1-2: Foul Ball, location: 2LF
1-2: Strikes out swinging
Batting: LHB Peter Reece 0-0: Swinging Strike
0-1: Ball
1-1: Ball
2-1: Swinging Strike
2-2: Foul Ball, location: 2LF
2-2: Strikes out looking
Top of the 2nd over - 0 runs, 0 hits, 0 errors, 0 left on base; Edmonton 0 - Redwood 0
BOTTOM OF THE 2ND
Redwood Pioneers batting - Pitching for Edmonton Trappers : RHP Bill Gray
Batting: LHB Howard York 0-0: Ball
1-0: Ball
2-0: Swinging Strike
2-1: Called Strike
2-2: Ball
3-2: Foul Ball, location: 5FF
3-2: Foul Ball, location: 7LDF
3-2: Strikes out looking
Batting: RHB Joe Givens 0-0: Ball
1-0: Ball
2-0: Called Strike
2-1: Foul Ball, location: 9LSF
2-2: Ball
3-2: Base on Balls
Batting: LHB Tomás Bernal 0-0: Foul Ball, location: 2F
0-1: Ball
1-1: Ball
2-1: Foul Ball, location: 9LSF
2-2: Strikes out swinging
Batting: RHB Haywood Andrews 0-0: Ball
1-0: Called Strike
1-1: Ball
2-1: DOUBLE (Line Drive, 78D, EV 108.8 MPH)
Joe Givens to third
Batting: RHB Tim McQueen 0-0: Ball
1-0: Swinging Strike
1-1: Ball
2-1: Called Strike
2-2: Ball
3-2: Strikes out swinging
Bottom of the 2nd over - 0 runs, 1 hit, 0 errors, 2 left on base; Edmonton 0 - Redwood 0
TOP OF THE 3RD
Edmonton Trappers batting - Pitching for Redwood Pioneers : RHP Tim McQueen
Batting: RHB Zoilo Versalles 0-0: Foul Ball, location: 25FF
0-1: Swinging Strike
0-2: Strikes out swinging
Batting: RHB Bill Gray 0-0: SINGLE (Groundball, 4MD, EV 107.5 MPH)
Batting: RHB Simon Decker 0-0: Called Strike
0-1: Ball
1-1: Ball
2-1: Foul Ball, location: 2F
2-2: Ball
3-2: Foul Ball, location: 9LDF
3-2: Strikes out swinging
Batting: RHB Nick Young 0-0: Ball
1-0: Called Strike
1-1: Ball
2-1: Ball
3-1: Base on Balls
Bill Gray to second
Batting: LHB Emílio Martínez 0-0: Called Strike
0-1: Ball
1-1: Fielders Choice at 2nd, U6 (Groundball, 6M, EV 86.3 MPH)
Top of the 3rd over - 0 runs, 1 hit, 0 errors, 2 left on base; Edmonton 0 - Redwood 0
BOTTOM OF THE 3RD
Redwood Pioneers batting - Pitching for Edmonton Trappers : RHP Bill Gray
Batting: LHB Bobby Murcer 0-0: Ball
1-0: Fly out, F7 (Flyball, 7, EV 89.4 MPH)
Batting: RHB Alfredo Nannini 0-0: Foul Ball, location: 2F
0-1: Ball
1-1: Swinging Strike
1-2: Foul Ball, location: 7LDF
1-2: Ball
2-2: Foul Ball, location: 2F
2-2: Strikes out swinging
Batting: LHB Jerry Gregory 0-0: Ball
1-0: Called Strike
1-1: Ball
2-1: Ball
3-1: Called Strike
3-2: Fly out, F8 (Flyball, 89D, EV 103.1 MPH)
Bottom of the 3rd over - 0 runs, 0 hits, 0 errors, 0 left on base; Edmonton 0 - Redwood 0
TOP OF THE 4TH
Edmonton Trappers batting - Pitching for Redwood Pioneers : RHP Tim McQueen
Batting: LHB Dave Clark 0-0: Ball
1-0: SOLO HOME RUN (Flyball, 89XD, EV 100.0 MPH), Distance : 420 ft
Batting: RHB Dax Owen 0-0: Ball
1-0: Ball
2-0: Swinging Strike
2-1: Called Strike
2-2: Strikes out swinging
Batting: LHB Gary Hays 0-0: Called Strike
0-1: Foul Ball, location: 7LSF
0-2: Ground out 6-3 (Groundball, 6, EV 101.3 MPH)
Batting: LHB Peter Reece 0-0: Ball
1-0: Ball
2-0: Called Strike
2-1: Called Strike
2-2: Strikes out swinging, 2-3 out at first.
Top of the 4th over - 1 run, 1 hit, 0 errors, 0 left on base; Edmonton 1 - Redwood 0
BOTTOM OF THE 4TH
Redwood Pioneers batting - Pitching for Edmonton Trappers : RHP Bill Gray
Batting: RHB José Moya 0-0: Called Strike
0-1: SINGLE (Groundball, 4MD, EV 103.1 MPH)
Batting: LHB Howard York 0-0: Ball
1-0: Swinging Strike
1-1: Fly out, F9 (Line Drive, 9LM, EV 108.8 MPH)
Batting: RHB Joe Givens 0-0: Ball
1-0: Ground out 5-3 (Groundball, 56S, EV 88.1 MPH)
José Moya to second
Batting: LHB Tomás Bernal 0-0: Ball
1-0: Foul Ball, location: 2F
1-1: Swinging Strike
1-2: Ball
2-2: Ball
3-2: Fly out, F9 (Flyball, 9D, EV 110.0 MPH)
Bottom of the 4th over - 0 runs, 1 hit, 0 errors, 1 left on base; Edmonton 1 - Redwood 0
TOP OF THE 5TH
Edmonton Trappers batting - Pitching for Redwood Pioneers : RHP Tim McQueen
Batting: RHB Zoilo Versalles 0-0: Ball
1-0: Called Strike
1-1: Ball
2-1: Ball
3-1: Foul Ball, location: 2F
3-2: Foul Ball, location: 2F
3-2: Base on Balls
Batting: RHB Bill Gray 0-0: Sac Bunt to 13S - play at first, batter OUT! 1-3
Zoilo Versalles to second
Batting: RHB Simon Decker 0-0: Ball
1-0: 2-RUN HOME RUN (Flyball, 7LD, EV 94.4 MPH), Distance : 352 ft
Batting: RHB Nick Young 0-0: Ball
1-0: Foul Ball, location: 2F
1-1: Swinging Strike
1-2: Foul Ball, location: 23F
1-2: Fly out, F4 (Popup, 4S, EV 66.3 MPH)
Batting: LHB Emílio Martínez 0-0: Foul Ball, location: 5DF
0-1: Ball
1-1: DOUBLE (Flyball, 8LXD, EV 111.3 MPH)
Batting: LHB Dave Clark 0-0: Foul Ball, location: 5FF
0-1: Foul Ball, location: 3F
0-2: Fly out, F9 (Flyball, 89D, EV 91.9 MPH)
Top of the 5th over - 2 runs, 2 hits, 0 errors, 1 left on base; Edmonton 3 - Redwood 0
BOTTOM OF THE 5TH
Redwood Pioneers batting - Pitching for Edmonton Trappers : RHP Bill Gray
Batting: RHB Haywood Andrews 0-0: Called Strike
0-1: Ball
1-1: Ball
2-1: Ball
3-1: Base on Balls
Batting: RHB Tim McQueen 0-0: Called Strike
0-1: Sac Bunt to 3S - play at first, batter OUT! 3-1
Haywood Andrews to second
Batting: LHB Bobby Murcer 0-0: Called Strike
0-1: Foul Ball, location: 2F
0-2: Fly out, F9 (Line Drive, 9, EV 87.5 MPH)
Batting: RHB Alfredo Nannini 0-0: Foul Ball, location: 25F
0-1: Foul Ball, location: 9LMF
0-2: Ball
1-2: Strikes out looking
Bottom of the 5th over - 0 runs, 0 hits, 0 errors, 1 left on base; Edmonton 3 - Redwood 0
TOP OF THE 6TH
Edmonton Trappers batting - Pitching for Redwood Pioneers : RHP Tim McQueen
Batting: RHB Dax Owen 0-0: Called Strike
0-1: SINGLE (Line Drive, 6D, EV 98.8 MPH)
Batting: LHB Gary Hays 0-0: Foul Ball, location: 2F
0-1: Foul Ball, location: 2F
0-2: Ball
1-2: Ball
2-2: Foul Ball, location: 2F
2-2: Ball
3-2: Foul Ball, location: 2F
3-2: Foul Ball, location: 2F
3-2: Strikes out swinging
Pitching: RHP Michael O'Neill
Batting: LHB Peter Reece 0-0: Called Strike
0-1: Swinging Strike
0-2: Ball
1-2: Foul Ball, location: 5FF
1-2: Strikes out swinging
Batting: RHB Zoilo Versalles 0-0: Ball
1-0: Foul Ball, location: 3SF
1-1: Ball
2-1: Called Strike
2-2: Strikes out swinging
Top of the 6th over - 0 runs, 1 hit, 0 errors, 1 left on base; Edmonton 3 - Redwood 0
BOTTOM OF THE 6TH
Redwood Pioneers batting - Pitching for Edmonton Trappers : RHP Bill Gray
Batting: LHB Jerry Gregory 0-0: Called Strike
0-1: Ball
1-1: Ball
2-1: DOUBLE (Line Drive, 78XD, EV 96.9 MPH)
Batting: RHB José Moya 0-0: Called Strike
0-1: Ball
1-1: Ball
2-1: Ball
3-1: Foul Ball, location: 9LMF
3-2: Ground out 6-3 (Groundball, 6, EV 80.0 MPH)
Batting: LHB Howard York 0-0: 2-RUN HOME RUN (Flyball, 78XD, EV 101.3 MPH), Distance : 421 ft
Batting: RHB Joe Givens 0-0: Ball
1-0: Called Strike
1-1: Foul Ball, location: 3SF
1-2: Strikes out looking
Batting: LHB Tomás Bernal 0-0: Called Strike
0-1: Foul Ball, location: 3SF
0-2: Strikes out looking
Bottom of the 6th over - 2 runs, 2 hits, 0 errors, 0 left on base; Edmonton 3 - Redwood 2
TOP OF THE 7TH
Edmonton Trappers batting - Pitching for Redwood Pioneers : RHP Michael O'Neill
Pinch Hitting: LHB Chris Williams 0-0: Ball
1-0: Ball
2-0: Ball
3-0: Base on Balls
Batting: RHB Simon Decker 0-0: Called Strike
0-1: Fly out, F9 (Flyball, 89M, EV 91.3 MPH)
Batting: RHB Nick Young 0-0: Ball
1-0: SINGLE (Line Drive, 7S, EV 85.6 MPH)
Chris Williams to second
Batting: LHB Emílio Martínez 0-0: Called Strike
0-1: Ball
1-1: Called Strike
1-2: Ball
2-2: Ball
3-2: Base on Balls
Chris Williams to third
Nick Young to second
Batting: LHB Dave Clark 0-0: Ball
1-0: Foul Ball, location: 9LMFF
1-1: Called Strike
1-2: Fly out, F7 (Flyball, 7, EV 83.1 MPH)
Runner from 3rd tags up, OUT at HOME! 7-2
Top of the 7th over - 0 runs, 1 hit, 0 errors, 2 left on base; Edmonton 3 - Redwood 2
BOTTOM OF THE 7TH
Redwood Pioneers batting - Pitching for Edmonton Trappers : RHP Bill Gray
Pitching: RHP Rory Dayman
Pinch Hitting: LHB Danny Meehan 0-0: Called Strike
0-1: Called Strike
0-2: Ground out 4-3 (Groundball, 4, EV 85.0 MPH)
Pinch Hitting: RHB Al Lung 0-0: Called Strike
0-1: Swinging Strike
0-2: Ball
1-2: Ground out 6-3 (Groundball, 6, EV 89.4 MPH)
Batting: LHB Bobby Murcer 0-0: Foul Ball, location: 25FF
0-1: Ball
1-1: Ball
2-1: Ground out U3 (Groundball, 34, EV 91.3 MPH)
Bottom of the 7th over - 0 runs, 0 hits, 0 errors, 0 left on base; Edmonton 3 - Redwood 2
TOP OF THE 8TH
Edmonton Trappers batting - Pitching for Redwood Pioneers : RHP Michael O'Neill
Pitching: RHP Alberto Gonzáles
Now at 3B: Al Lung
Batting: RHB Dax Owen 0-0: Swinging Strike
0-1: Swinging Strike
0-2: Foul Ball, location: 2F
0-2: Ball
1-2: Ball
2-2: SINGLE (Groundball, 6MD, EV 110.6 MPH)
Batting: LHB Gary Hays 0-0: Ball
1-0: Bunted foul
1-1: Foul Ball, location: 9LSF
1-2: Fly out, F7 (Flyball, 78S, EV 96.9 MPH)
Batting: LHB Peter Reece 0-0: Foul Ball, location: 5F
0-1: Called Strike
0-2: 2-RUN HOME RUN (Flyball, 78XD, EV 99.4 MPH), Distance : 416 ft
Batting: RHB Zoilo Versalles 0-0: Called Strike
0-1: Swinging Strike
0-2: Strikes out looking
Pinch Hitting: RHB Darryl Phillips 0-0: Ball
1-0: SINGLE (Line Drive, 8LS, EV 106.3 MPH)
Batting: RHB Simon Decker 0-0: Foul Ball, location: 2F
0-1: Called Strike
0-2: Strikes out swinging
Top of the 8th over - 2 runs, 3 hits, 0 errors, 1 left on base; Edmonton 5 - Redwood 2
BOTTOM OF THE 8TH
Redwood Pioneers batting - Pitching for Edmonton Trappers : RHP Rory Dayman
Pitching: RHP Héctor Rodríguez
Batting: RHB Alfredo Nannini 0-0: Called Strike
0-1: Called Strike
0-2: Strikes out swinging
Batting: LHB Jerry Gregory 0-0: Ground out U3 (Groundball, 3L, EV 91.9 MPH)
Batting: RHB José Moya 0-0: Fly out, F9 (Flyball, 9S, EV 95.6 MPH)
Bottom of the 8th over - 0 runs, 0 hits, 0 errors, 0 left on base; Edmonton 5 - Redwood 2
TOP OF THE 9TH
Edmonton Trappers batting - Pitching for Redwood Pioneers : RHP Alberto Gonzáles
Batting: RHB Nick Young 0-0: Foul Ball, location: 2RF
0-1: Foul Ball, location: 2F
0-2: Ground out 5-3 (Groundball, 56, EV 101.3 MPH)
Batting: LHB Emílio Martínez 0-0: Ball
1-0: Called Strike
1-1: SINGLE (Line Drive, 78S, EV 110.6 MPH)
Batting: LHB Dave Clark 0-0: Ball
1-0: Ball
2-0: Ball
3-0: Base on Balls
Emílio Martínez to second
Batting: RHB Dax Owen 0-0: Fly out, F8 (Flyball, 8LD, EV 95.6 MPH)
Batting: LHB Gary Hays 0-0: Foul Ball, location: 2F
0-1: Foul Ball, location: 2F
0-2: Ball
1-2: Ball
2-2: Foul Ball, location: 23F
2-2: Foul Ball, location: 23F
2-2: Ball
3-2: Foul Ball, location: 2F
3-2: Ground out 6-3 (Groundball, 6, EV 97.5 MPH)
Top of the 9th over - 0 runs, 1 hit, 0 errors, 2 left on base; Edmonton 5 - Redwood 2
BOTTOM OF THE 9TH
Redwood Pioneers batting - Pitching for Edmonton Trappers : RHP Héctor Rodríguez
Batting: LHB Howard York 0-0: Called Strike
0-1: Fly out, F9 (Flyball, 9, EV 91.3 MPH)
Batting: RHB Joe Givens 0-0: Ball
1-0: Foul Ball, location: 23FF
1-1: Ball
2-1: Ball
3-1: Ground out 2-3 (Groundball, 15S, EV 67.5 MPH)
Batting: LHB Tomás Bernal 0-0: Foul Ball, location: 3FF
0-1: Swinging Strike
0-2: Ball
1-2: Ball
2-2: Ball
3-2: SINGLE (Line Drive, 5D, EV 109.4 MPH)
Pinch Hitting: RHB Yaichiro Ito 0-0: Ball
1-0: Swinging Strike
1-1: Ball
2-1: Ball
3-1: Foul Ball, location: 2F
3-2: Strikes out swinging
Bottom of the 9th over - 0 runs, 1 hit, 0 errors, 1 left on base; Edmonton 5 - Redwood 2
Thursday, March 21st , 2024 - OOTP Baseball 24.8 Build 75